 Dungeon Crawl Stone Soup version 0.30-a0-141-g30f27751c5 (webtiles) character file.

Game seed: 6173294352909802017

6 Decritt the Digger (level 1, 0/11 HPs)
             Began as a Gargoyle Earth Elementalist on Sept 25, 2022.
             Slain by a quokka (2 damage)
             ... on level 1 of the Dungeon.
             The game lasted 00:01:46 (412 turns).

Decritt the Digger (Gargoyle Earth Elementalist)     Turns: 412, Time: 00:01:46

Health: 0/11       AC:  5    Str: 11    XL:     1   Next: 90%
Magic:  1/3        EV: 11    Int: 15    God:
Gold:   31         SH:  0    Dex: 10    Spells: 3/4 levels left

rFire   . . .      SeeInvis .    g - +0 sling
rCold   . . .      Faith    .    (no shield)
rNeg    + . .      Spirit   .    a - +0 robe
rPois   ∞          Reflect  .    (no helmet)
rElec   +          Harm     .    (no cloak)
rCorr   .          Rampage  .    (no gloves)
Will    .....                    c - +0 pair of boots
Stlth   ++........               (no amulet)
HPRegen 0.03/turn                (no ring)
MPRegen 0.08/turn                (no ring)

@: no status effects
A: sickness immunity, AC +2, negative energy resistance 1, electricity
resistance, torment resistance 1, petrification resistance
a: no special abilities


You were on level 1 of the Dungeon.
You visited 1 branch of the dungeon, and saw 1 of its levels.

You collected 31 gold pieces.

Inventory:

Hand Weapons
 d - a +0 short sword
 g - a +0 sling (weapon)
Armour
 a - a +0 robe (worn)
 c - a +0 pair of boots (worn)
Scrolls
 f - a scroll of summoning {unknown}
Potions
 b - a potion of magic
 e - a potion of berserk rage {unknown}


   Skills:
 + Level 0.4 Fighting
 + Level 0.4 Armour
 - Level 1.5 Dodging
 - Level 2.1 Stealth
 + Level 2.1 Spellcasting
 - Level 0.7 Transmutations
 * Level 3.8 Earth Magic


You had 3 spell levels left.
You knew the following spells:

 Your Spells              Type           Power      Damage    Failure   Level
a - Sandblast             Erth           26%        2d8       4%          1

Your spell library contained the following spells:

 Spells                   Type           Power      Damage    Failure   Level
 Passwall                 Tmut/Erth      6%         N/A       13%         2
 Stone Arrow              Conj/Erth      14%        3d7       30%         3
 Petrify                  Tmut/Erth      8%         N/A       65%         4


Dungeon Overview and Level Annotations

Branches:
Dungeon (1/15)

Altars:


Innate Abilities, Weirdness & Mutations

You are immune to sickness and miasma.
Your stone body is resilient. (AC +2)
You are immune to poison.
You resist negative energy. (rN+)
You are resistant to electric shocks. (rElec)
You are resistant to unholy torment.
You are immune to petrification.


Message History

Found a fizzy red potion.
The quokka twitches its whiskers.
The quokka misses you.
You see here a +0 sling.
g - a +0 sling (weapon)
Casting: Sandblast (safe; 4% risk of failure)
Confirm with . or Enter, or press ? or * to list all spells.
You don't have enough magic to cast this spell.
You shoot a sling bullet.
The sling bullet closely misses the quokka.
The bat closely misses you. The quokka bites you. The quokka misses you.
The bat hits you.
* * * LOW HITPOINT WARNING * * *
The bat attacks as you move away! The bat hits you but does no damage.
The bat barely misses you.
You shoot a sling bullet. The sling bullet misses the bat.
The bat closely misses you. The bat barely misses you. The quokka bites you.
* * * LOW HITPOINT WARNING * * *
The bat barely misses you. The quokka barely misses you.
You shoot a sling bullet.
The sling bullet closely misses the quokka.
The bat hits you.
* * * LOW HITPOINT WARNING * * *
The bat barely misses you. The quokka completely misses you.
The quokka bites you but does no damage.
You shoot a sling bullet. The sling bullet hits the quokka.
The quokka is almost dead.
The bat barely misses you. The bat misses you. The bat barely misses you.
The quokka misses you.
You shoot a sling bullet.
The sling bullet hits the quokka but does no damage.
The quokka is almost dead.
The bat closely misses you. The quokka closely misses you.
The quokka bites you.
* * * LOW HITPOINT WARNING * * *
The bat hits you but does no damage.
You shoot a sling bullet.
The sling bullet closely misses the quokka.
The bat hits you but does no damage. The quokka bites you.
You die...

##..#.....≈≈≈≈≈.
..###.†##.#........
...###..##....≈≈≈≈≈.
..#..##..#..#..≈###≈ ≈#
.##..#..###.#†.≈# .≈#
###....##......≈###≈.≈#
###...# ###.##.≈≈≈≈≈.≈≈
#.##r........
..##@≈≈≈≈≈.≈≈ ##.
#b≈###≈.≈# #.≈# ≈.≈#
..≈# ≈# ...≈≈ ......
...!≈≈≈ ....≈###


You could see a quokka and a bat.

Vanquished Creatures
  An endoplasm (D:1)
  A hobgoblin (D:1)
  A quokka (D:1)
  A bat (D:1)
  A frilled lizard (D:1)
  A rat (D:1)
6 creatures vanquished.

Notes
Turn   | Place    | Note
-------+----------+-------------------------------------------
     0 | D:1      | Decritt the Gargoyle Earth Elementalist began the quest for
                  | the Orb.
     0 | D:1      | Reached XP level 1. HP: 10/10 MP: 3/3
   412 | D:1      | Slain by a quokka

Illustrated notes

Levels and vault maps discovered:
D:1:      ncdulo_halloftheorcs, layout_loops_cross, hangedman_glass_teeth,
          kennysheep_boxes

Action                   || total
-------------------------++-------
Melee: Short sword       ||     6
       Unarmed           ||     6
 Fire: Sling             ||     6
 Cast: Sandblast         ||    10
Armor: Robe              ||    10
Dodge: Dodged            ||    30

Table legend: (Time is in decaauts)
 A = Elapsed time spent in this place.
 B = Non-inter-level travel time spent in this place.
 C = Inter-level travel time spent in this place.
 D = Time resting spent in this place.
 E = Time spent auto-exploring this place.
 F = Levels seen in this place.
 G = Mean time per level.
                   A        B        C        D        E       F      G
               +--------+--------+--------+--------+--------+-----+--------+
         Total |    418 |    418 |      0 |    121 |    208 |   1 |  418.0 |
       Dungeon |    418 |    418 |      0 |    121 |    208 |   1 |  418.0 |
               +--------+--------+--------+--------+--------+-----+--------+

Top non-repeatable levels by time:
     D:1: 418 daAuts
